 Dungeon Sprint DCSS version 0.17-a0-18-gc25b939 (webtiles) character file.

140158 BluebellGnoll the Invulnerable (level 16, -13/128 (136) HPs)
             Began as a High Elf Arcane Marksman on Mar 9, 2015.
             Was the Champion of Qazlal.
             Killed from afar by a quicksilver dragon (46 damage)
             ... with a bolt of dispelling energy
             ... in the Dungeon (Sprint V: "Ziggurat Sprint").
             The game lasted 01:24:30 (5684 turns).

BluebellGnoll the Invulnerable (HEAM)               Turns: 5684, Time: 01:24:31

HP:   -13/128 (136) AC: 44    Str: 11    XL:     16   Next: 75%
MP:   21/37         EV:  3    Int: 22    God:    Qazlal [******]
Gold: 0             SH:  8    Dex: 23    Spells: 6 memorised, 1 level left

rFire  + . .     SeeInvis +     u - +7 longbow "Piercer" {penet, EV-2}
rCold  . . .     Clarity  .     L - +5 gold dragon armour
rNeg   + . .     SustAb   .     (no shield)
rPois  +         Gourm    .     (no helmet)
rElec  +         Spirit   .     U - +2 cloak {+Inv}
rCorr  +         Warding  .     S - +3 pair of gauntlets of War {Slay+5}
rMut   .         NoTele   +     (no boots)
MR     +....                    Z - amulet of resist corrosion
Stlth  ..........               P - ring "Hixydoyg" {+Fly rElec rC- rN+ Slay+2 SInv}
                                p - +6 ring of dexterity

@: protected from physical damage, repel missiles, somewhat resistant to hostile
enchantments, extremely unstealthy
A: no striking features
a: Upheaval, Elemental Force, Disaster Area, Renounce Religion, Evoke
Invisibility, Evoke Flight


You were in the Dungeon.
You worshipped Qazlal.
Qazlal was exalted by your worship.
You were completely stuffed.

You visited 1 branch

Inventory:

Hand weapons
 u - the +7 longbow "Piercer" (weapon) {penet, EV-2}
   (You found it in the Dungeon)

   Ammo fired by it will pass through the targets it hits, potentially hitting
   all targets in its path until it reaches maximum range.
   It affects your evasion (-2).
 y - the +6 great sword "Killer Klown's Death" {venom, Noisy rC++ Dex+7 SInv}
   (You found it in the Dungeon)

   It poisons the flesh of those it strikes.
   It affects your dexterity (+7).
   It greatly protects you from cold.
   It enhances your eyesight.
   It may make noises in combat.
 M - a +9 triple sword of freezing
 N - the +6 falchion "Lues" {flame, rElec rF+ rC+ Str+4 Int-2}
   (You found it in the Dungeon)

   It has been specially enchanted to burn those struck by it, causing extra
   injury to most foes and up to half again as much damage against particularly
   susceptible opponents.
   Big, fiery blades are also staple armaments of hydra-hunters.
   It affects your strength (+4).
   It affects your intelligence (-2).
   It protects you from fire.
   It protects you from cold.
   It insulates you from electricity.
Missiles
 c - 1185 arrows (quivered)
 r - 30 arrows of frost
Armour
 L - a +5 gold dragon armour (worn)
 S - the +3 pair of gauntlets of War (worn) {Slay+5}
   (You found it in the Dungeon)

   It affects your accuracy and damage with ranged weapons and melee attacks
   (+5).
 U - a +2 cloak of invisibility (worn)
Rods
 m - a +9 rod of clouds (12/12)
   (You found it in the Dungeon)
 O - a +1 rod of ignition (13/13)
   (You found it in the Dungeon)
 X - a +7 rod of the swarm (14/14)
   (You found it in the Dungeon)
Jewellery
 b - an uncursed ring of wizardry
 p - a +6 ring of dexterity (left hand)
 q - the brooch of Shielding {Ward rN+ AC+4 EV+4}
   (You found it in the Dungeon)

   [amulet of warding]

   It may prevent the melee attacks of summoned creatures.
   It affects your AC (+4).
   It affects your evasion (+4).
   It protects you from negative energy.
 s - a +6 ring of intelligence
 t - a +6 ring of strength
 P - the ring "Hixydoyg" (right hand) {+Fly rElec rC- rN+ Slay+2 SInv}
   (You found it in the Dungeon)

   [ring of flight]

   It affects your accuracy and damage with ranged weapons and melee attacks
   (+2).
   It makes you vulnerable to cold.
   It insulates you from electricity.
   It protects you from negative energy.
   It enhances your eyesight.
   It lets you fly.
 Q - the ring of Nemyel {+Fly MR+ Dex+4}
   (You found it in the Dungeon)

   [ring of dexterity]

   It affects your dexterity (+4).
   It affects your resistance to hostile enchantments.
   It lets you fly.
 T - the ring of Kuonisuh {rPois rC+ MP+9 Str+2 Int-4}
   (You found it in the Dungeon)

   [ring of protection from cold]

   It affects your strength (+2).
   It affects your intelligence (-4).
   It protects you from cold.
   It protects you from poison.
   It affects your magic capacity (+9).
 Z - an amulet of resist corrosion (around neck)
Magical devices
 l - a wand of disintegration (7)
 n - a wand of cold (5)
 o - a wand of draining (2)
Scrolls
 k - a scroll of blinking
 x - 2 scrolls of amnesia
 z - 7 scrolls of fog
 A - a scroll of holy word
 B - 5 scrolls of identify
 C - 4 scrolls of remove curse
 D - 2 scrolls of fear
Potions
 e - 7 potions of curing
 g - 2 potions of heal wounds
 h - 5 potions of haste
 i - 6 potions of magic
 j - a potion of berserk rage
 E - 2 potions of brilliance
 F - a potion of invisibility
 G - 2 potions of restore abilities
 H - 4 potions of resistance
 J - 4 potions of agility
 K - 5 potions of might
Miscellaneous
 a - 7 phantom mirrors
 d - a phial of floods
 I - a fan of gales
 V - a lamp of fire
 W - a plain deck of escape
 Y - a sack of spiders {used: 1}
Comestibles
 f - 2 bread rations
 v - 37 fruits
 w - 4 meat rations


   Skills:
 - Level 21.5 Fighting
 - Level 18.7 Long Blades
 - Level 21.7 Bows
 O Level 27 Armour
 + Level 2.2 Dodging
 - Level 1.2 Spellcasting
 - Level 3.0 Hexes
 - Level 14.5 Charms
 - Level 20.2 Invocations
 - Level 17.3 Evocations


You had one spell level left.
You knew the following spells:

 Your Spells              Type           Power        Failure   Level  Hunger
a - Regeneration          Chrm/Necr      ####......   92%         3    ####...
b - Stoneskin             Trmt/Erth      #.......     100%        2    ###....
c - Control Undead        Necr           #.........   100%        4    #####..
d - Inner Flame           Hex/Fire       #.......     100%        3    ####...
e - Spectral Weapon       Hex/Chrm       #####...     65%         3    ####...
z - Apportation           Tloc           #.........   100%        1    ##.....


Dungeon Overview and Level Annotations

Branches:
Dungeon (1/1)

Altars:
Ashenzari
Cheibriados
Dithmenos
Elyvilon
Fedhas
Gozag
Kikubaaqudgha
Makhleb
Nemelex Xobeh
Okawaru
Qazlal
Ru
Sif Muna
Trog
Vehumet
Xom
Yredelemnul
Zin
The Shining One
Beogh
Jiyva
Lugonu


Message History

You shoot an arrow.
The arrow pierces through the quicksilver dragon!
The quicksilver dragon is almost dead.
The arrow pierces through the quicksilver dragon!
The quicksilver dragon is severely wounded.
You block the quicksilver dragon's attack.
The quicksilver dragon claws you but does no damage.
Firing (i - inventory. (,) - cycle):
c - 1186 arrows (quivered)
Press: ? - help, Shift-Dir - straight line, f/p - quicksilver dragon
Aim: a quicksilver dragon (severely wounded, encased in ice)
You shoot an arrow.
The arrow pierces through the quicksilver dragon!!
You kill the quicksilver dragon!
Qazlal accepts your kill.
You have mastered Armour!
You need to enable at least one skill for training.
The arrow misses the quicksilver dragon.
The quicksilver dragon breathes energy at you.
The bolt of dispelling energy hits you!
You die...

▓((..≈(§§.. ▓
▓.....§.(..... ▓
▓....≈...§≈.... ▓
▓....▓8≈≈.≈C.▓.. ▓
▓((.▓(▓..≈≈.▓.▓.. ▓
▓≈≈.†▓†≈.....▓... ▓
▓§...§..≈.≈...... ▓
▓†.§§.§≈.(........▓
▓.@†§...D.(.......
▓▓▓▓▓▓▓▓▓▓▓▓▓▓▓▓▓▓


You could see an iron golem and a quicksilver dragon.

Vanquished Creatures
  A pandemonium lord (D)
  A lich (D)
  3 deep elf blademasters (D)
  8 deep elf master archers (D)
  5 quicksilver dragons (D)
  2 titans (D)
  A kraken (D)
  2 acid blobs (D)
  4 shadow dragons (D)
  An azure jelly (D)
  4 storm dragons (D)
  3 deep elf sorcerers (D)
  5 ghouls (D)
  A warmonger (D)
  A reaper (D)
  A vampire knight (D)
  4 stone giants (D)
  A starcursed mass (D)
  3 deep elf annihilators (D)
  3 crystal guardians (D)
  A green death (D)
  2 merfolk javelineers (D)
  9 vault guards (D)
  A death ooze (D)
  2 merfolk impalers (D)
  A deep elf death mage (D)
  A deep elf high priest (D)
  3 spriggan air magi (D)
  2 satyrs (D)
  9 soul eaters (D)
  2 spriggan berserkers (D)
  A thrashing horror (D)
  2 iron golems (D)
  2 vampire magi (D)
  A deep elf knight (D)
  A sun demon (D)
  A spriggan (D)
  An ice devil (D)
  A skeletal warrior (D)
  2 spriggan druids (D)
  A shambling mangrove (D)
  A sea snake (D)
  4 deep elf summoners (D)
  A flayed ghost (D)
  A giant orange brain (D)
  3 harpies (D)
  A necromancer (D)
  A harpy (shapeshifter) (D)
  2 wolf spiders (D)
  A hornet (shapeshifter) (D)
  A deep elf conjurer (D)
  3 sixfirhies (D)
  3 ugly things (D)
  An oklob plant (D)
  A shining eye (D)
  A guardian serpent (shapeshifter) (D)
  An elephant (D)
  A large abomination (D)
  2 toenail golems (D)
  2 gargoyles (D)
  A naga mage (D)
  4 black mambas (D)
  3 smoke demons (D)
  2 hellions (D)
  11 fire elementals (D)
  A spiny frog (shapeshifter) (D)
  2 demonic crawlers (D)
  2 tormentors (D)
  A hellwing (D)
  2 dryads (D)
  7 water elementals (D)
  2 merfolk (D)
  2 red devils (D)
  A jumping spider (D)
  3 wind drakes (D)
  A deep elf priest (D)
  7 slime creatures (D)
  3 ravens (D)
  2 flying skulls (D)
  A trapdoor spider (D)
  A redback (D)
  4 deep elf magi (D)
  10 air elementals (D)
  3 neqoxecs (D)
  3 tarantellas (D)
  2 deep elf fighters (D)
  5 water moccasins (D)
  2 nagas (D)
  A chaos spawn (D)
  A human zombie (D)
  4 insubstantial wisps (D)
  A small abomination (D)
  A spider (D)
  2 phantoms (D)
  2 necrophages (D)
  A wasp (D)
  2 eyes of draining (D)
  16 earth elementals (D)
  2 wights (D)
  A killer bee (D)
  3 scorpions (D)
  2 jellies (D)
  A quasit (D)
  3 iron imps (D)
  2 crimson imps (D)
  3 worker ants (D)
  2 hell rats (D)
  A necrophage skeleton (D)
  5 adders (D)
  3 shadow imps (D)
  A white imp (D)
  A giant eyeball (D)
  2 giant mites (D)
  2 ufetubi (D)
  3 adder zombies (D)
  3 adder skeletons (D)
  4 oozes (D)
  9 bat skeletons (D)
  8 bat zombies (D)
  3 ball pythons (D)
  A ball python skeleton (D)
  A giant cockroach zombie (D)
  3 giant gecko skeletons (D)
  A giant gecko zombie (D)
  A jackal skeleton (D)
  A jackal zombie (D)
  A quokka skeleton (D)
  A butterfly (D)
  2 crawling corpses (D)
  3 fungi (D)
  2 tentacles (D)
  2 tentacle segments (D)
333 creatures vanquished.

Vanquished Creatures (collateral kills)
  A shadow dragon (D)
  An iron dragon (D)
  A deep elf sorcerer (D)
  A ghoul (D)
  A deep elf high priest (D)
  A death ooze (D)
  4 soul eaters (D)
  An orc high priest (D)
  2 shining eyes (D)
  An air elemental (D)
  A water elemental (D)
  2 eyes of devastation (D)
  A slime creature (D)
  A wind drake (D)
  A shadow (D)
  A wight (D)
  2 adder skeletons (D)
  2 giant gecko skeletons (D)
  A crawling corpse (D)
26 creatures vanquished.

Vanquished Creatures (others)
  A deep elf annihilator (D)
  A necromancer (D)
  3 air elementals (D)
  12 water elementals (D)
  12 fire elementals (D)
  A redback (D)
  6 tentacles (D)
  107 tentacle segments (D)
143 creatures vanquished.

Grand Total: 502 creatures vanquished

Notes
Turn   | Place    | Note
--------------------------------------------------------------
     0 | D        | BluebellGnoll, the High Elf Arcane Marksman, began the quest for the Orb.
     0 | D        | Reached XP level 1. HP: 13/13 MP: 3/3
     0 | D        | Found a viscous altar of Jiyva.
     0 | D        | Found a corrupted altar of Lugonu.
     0 | D        | Found a white marble altar of Elyvilon.
     2 | D        | Found a sparkling altar of Nemelex Xobeh.
     2 | D        | Found a burning altar of Makhleb.
     2 | D        | Found a deep blue altar of Sif Muna.
     3 | D        | Found a bloodstained altar of Trog.
     6 | D        | Found an iron altar of Okawaru.
    17 | D        | Found a radiant altar of Vehumet.
    22 | D        | Found a basalt altar of Yredelemnul.
    23 | D        | Found a shimmering altar of Xom.
    53 | D        | Became a worshipper of Qazlal Stormbringer
    75 | D        | Reached skill level 6 in Armour
    75 | D        | Reached XP level 2. HP: 18/18 MP: 4/4
    79 | D        | Entered arena 1.
    80 | D        | Reached skill level 1 in Long Blades
    98 | D        | Entered arena 2.
    98 | D        | Noticed an iron imp
    98 | D        | Noticed an iron imp
    98 | D        | Noticed an iron imp
   104 | D        | Killed an iron imp
   104 | D        | Acquired Qazlal's first power
   104 | D        | Reached XP level 3. HP: 16/25 MP: 6/6
   108 | D        | Killed an iron imp
   108 | D        | Reached skill level 5 in Bows
   108 | D        | Reached XP level 4. HP: 14/33 MP: 9/9
   109 | D        | Killed an iron imp
   109 | D        | Reached skill level 5 in Long Blades
   115 | D        | Got the +1 cloak "Groeru" {rPois rN+ MR+ rCorr Str-5}
   275 | D        | Entered arena 3.
   275 | D        | Noticed a starcursed mass
   275 | D        | Noticed a thrashing horror
   275 | D        | Noticed a giant orange brain
   277 | D        | Acquired Qazlal's second power
   286 | D        | Killed a thrashing horror
   286 | D        | Reached skill level 9 in Fighting
   286 | D        | Reached skill level 10 in Long Blades
   286 | D        | Reached skill level 10 in Bows
   286 | D        | Reached XP level 5. HP: 26/46 MP: 10/10
   286 | D        | Reached XP level 6. HP: 29/52 MP: 12/12
   286 | D        | Reached XP level 7. HP: 31/57 MP: 14/14
   288 | D        | Killed a giant orange brain
   288 | D        | Reached skill level 10 in Fighting
   288 | D        | Reached skill level 11 in Long Blades
   288 | D        | Reached XP level 8. HP: 33/64 MP: 16/16
   300 | D        | Killed a starcursed mass
   300 | D        | Reached skill level 13 in Long Blades
   300 | D        | Reached XP level 9. HP: 20/73 MP: 18/18
   312 | D        | Learned a level 3 spell: Inner Flame
   315 | D        | Learned a level 1 spell: Apportation
   561 | D        | Entered arena 4.
   561 | D        | Noticed a phantom
   561 | D        | Noticed a phantom
   573 | D        | Killed a phantom
   573 | D        | Acquired Qazlal's third power
   583 | D        | Killed a phantom
   588 | D        | Got the ring of Shoggil {Ice MR+}
   595 | D        | Got the +6 falchion "Lues" {flame, rElec rF+ rC+ Str+4 Int-2}
   598 | D        | Entered arena 5.
   601 | D        | Acquired Qazlal's fourth power
   620 | D        | Identified the Collected Works on Unholy Rituals and the Frostbite (You found it in the Dungeon)
   624 | D        | Learned a level 2 spell: Stoneskin
   625 | D        | Entered arena 6.
   625 | D        | Noticed a quasit
   625 | D        | Noticed a reaper
   625 | D        | Noticed a crimson imp
   634 | D        | Killed a reaper
   634 | D        | Reached skill level 10 in Invocations
   635 | D        | Killed a quasit
   640 | D        | Acquired Qazlal's fifth power
   644 | D        | Killed a crimson imp
   923 | D        | Entered arena 7.
   923 | D        | Noticed a black mamba
   923 | D        | Noticed a water moccasin
   923 | D        | Noticed a black mamba
   923 | D        | Noticed a water moccasin
   923 | D        | Noticed a black mamba
   926 | D        | Killed a water moccasin
   928 | D        | Killed a black mamba
   928 | D        | Reached skill level 5 in Evocations
   931 | D        | Killed a black mamba
   931 | D        | Reached XP level 10. HP: 64/80 MP: 27/27
   932 | D        | Killed a water moccasin
   935 | D        | Killed a black mamba
  1133 | D        | Entered arena 8.
  1133 | D        | Noticed a hornet
  1133 | D        | Noticed a cyan ugly thing
  1133 | D        | Noticed a purple ugly thing
  1133 | D        | Noticed a harpy
  1133 | D        | Noticed a spiny frog
  1133 | D        | Noticed a brown ugly thing
  1133 | D        | Noticed a tarantella
  1135 | D        | a tarantella changed into a two-headed ogre
  1136 | D        | Killed a harpy
  1137 | D        | Killed a spiny frog
  1141 | D        | Killed a cyan ugly thing
  1141 | D        | Reached skill level 14 in Long Blades
  1142 | D        | Noticed a fire crab
  1147 | D        | HP: 2/81 [poisoned by a hornet]
  1149 | D        | Killed a brown ugly thing
  1150 | D        | a fire crab changed into something unseen
  1152 | D        | Noticed a guardian serpent
  1154 | D        | Killed a hornet
  1155 | D        | Killed a purple ugly thing
  1155 | D        | Reached skill level 15 in Long Blades
  1155 | D        | Reached skill level 15 in Bows
  1166 | D        | Killed a guardian serpent
  1179 | D        | Got the ring "Hixydoyg" {+Fly rElec rC- rN+ Slay+2 SInv}
  1187 | D        | Learned a level 3 spell: Regeneration
  1397 | D        | Entered arena 9.
  1397 | D        | Noticed a gargoyle
  1397 | D        | Noticed an earth elemental
  1397 | D        | Noticed an earth elemental
  1397 | D        | Noticed an earth elemental
  1397 | D        | Noticed an earth elemental
  1397 | D        | Noticed a toenail golem
  1397 | D        | Noticed a toenail golem
  1397 | D        | Noticed an earth elemental
  1400 | D        | Killed a gargoyle
  1400 | D        | Killed a toenail golem
  1400 | D        | Reached skill level 10 in Evocations
  1401 | D        | Killed an earth elemental
  1401 | D        | Reached XP level 11. HP: 88/88 MP: 15/28
  1401 | D        | Killed an earth elemental
  1405 | D        | Killed a toenail golem
  1407 | D        | Killed an earth elemental
  1412 | D        | Killed an earth elemental
  1413 | D        | Killed an earth elemental
  1425 | D        | Got the ring of Kuonisuh {rPois rC+ MP+9 Str+2 Int-4}
  1549 | D        | Entered arena 10.
  1549 | D        | Noticed a scorpion
  1549 | D        | Noticed a scorpion
  1549 | D        | Noticed a jumping spider
  1549 | D        | Noticed a scorpion
  1549 | D        | Noticed a tarantella
  1549 | D        | Noticed a wolf spider
  1549 | D        | Noticed a tarantella
  1550 | D        | Killed a scorpion
  1552 | D        | Killed a tarantella
  1557 | D        | Killed a tarantella
  1560 | D        | Killed a wolf spider
  1563 | D        | Killed a scorpion
  1567 | D        | Killed a jumping spider
  1568 | D        | Killed a scorpion
  1793 | D        | Entered arena 11.
  1793 | D        | Noticed a vault guard
  1793 | D        | Noticed a lich
  1793 | D        | Noticed a vault guard
  1793 | D        | Noticed a vault guard
  1793 | D        | Noticed a vault guard
  1793 | D        | Noticed a vault guard
  1793 | D        | Noticed a vault guard
  1793 | D        | Noticed a vault guard
  1794 | D        | Noticed a vault guard
  1795 | D        | Noticed a vault guard
  1798 | D        | Killed a vault guard
  1799 | D        | Killed a vault guard
  1799 | D        | Reached skill level 15 in Invocations
  1799 | D        | Killed a vault guard
  1799 | D        | Killed a lich
  1799 | D        | Reached skill level 17 in Invocations
  1800 | D        | Killed a vault guard
  1801 | D        | Killed a vault guard
  1801 | D        | Reached skill level 18 in Invocations
  1806 | D        | Killed a vault guard
  1806 | D        | Reached XP level 12. HP: 20/94 MP: 14/33
  1806 | D        | Killed a vault guard
  1806 | D        | Reached skill level 19 in Invocations
  1806 | D        | Killed a vault guard
  1817 | D        | HP: 4/94 [vault guard/war axe (10)]
  1819 | D        | Killed a vault guard
  1819 | D        | Reached skill level 20 in Invocations
  1829 | D        | Identified the Volume of Bewitching Conjuration (You found it in the Dungeon)
  2179 | D        | Entered arena 12.
  2179 | D        | Noticed a kraken
  2179 | D        | Noticed a merfolk javelineer
  2179 | D        | Noticed a merfolk impaler
  2179 | D        | Noticed a merfolk javelineer
  2179 | D        | Noticed a merfolk
  2179 | D        | Noticed a harpy
  2179 | D        | Noticed a harpy
  2179 | D        | Noticed a harpy
  2180 | D        | Noticed a merfolk impaler
  2180 | D        | Noticed a sea snake
  2183 | D        | Killed a sea snake
  2183 | D        | Killed a merfolk
  2183 | D        | Killed a merfolk impaler
  2183 | D        | Killed a merfolk impaler
  2183 | D        | Killed a merfolk javelineer
  2185 | D        | Noticed a merfolk
  2185 | D        | Killed a harpy
  2187 | D        | Killed a merfolk javelineer
  2187 | D        | Reached skill level 10 in Armour
  2187 | D        | Killed a merfolk
  2190 | D        | Killed a harpy
  2192 | D        | Killed a harpy
  2194 | D        | Killed a kraken
  2232 | D        | Learned a level 3 spell: Spectral Weapon
  2405 | D        | Entered arena 13.
  2405 | D        | Noticed a water moccasin
  2406 | D        | Noticed a water moccasin
  2408 | D        | Noticed a naga
  2409 | D        | Noticed a water moccasin
  2409 | D        | Noticed a naga
  2409 | D        | Killed a water moccasin
  2411 | D        | Killed a naga
  2412 | D        | Noticed a naga mage
  2413 | D        | Noticed a black mamba
  2413 | D        | Killed a water moccasin
  2414 | D        | Killed a naga mage
  2415 | D        | Killed a water moccasin
  2421 | D        | Killed a naga
  2431 | D        | Killed a black mamba
  2668 | D        | Entered arena 14.
  2668 | D        | Noticed a vampire mage
  2668 | D        | Noticed a wight
  2668 | D        | Noticed a shadow
  2668 | D        | Noticed a vampire mage
  2669 | D        | Noticed a wight
  2671 | D        | Noticed a vampire knight
  2671 | D        | Noticed a necrophage
  2673 | D        | Noticed a ghoul
  2673 | D        | Killed a vampire mage
  2673 | D        | Reached XP level 13. HP: 98/100 MP: 35/35
  2673 | D        | Killed a shadow
  2674 | D        | Noticed a wight
  2675 | D        | Killed a wight
  2677 | D        | Noticed a necromancer
  2677 | D        | Noticed a necromancer
  2679 | D        | Killed a wight
  2680 | D        | Killed a necrophage
  2687 | D        | Killed a wight
  2687 | D        | Killed a necromancer
  2687 | D        | Killed a necromancer
  2687 | D        | Killed a ghoul
  2694 | D        | Killed a vampire knight
  2715 | D        | Killed a vampire mage
  3040 | D        | Entered arena 15.
  3040 | D        | Noticed a deep elf summoner
  3040 | D        | Noticed a deep elf mage
  3040 | D        | Noticed a deep elf annihilator
  3041 | D        | Noticed a deep elf annihilator
  3041 | D        | Noticed a deep elf sorcerer
  3042 | D        | Noticed an orc high priest
  3042 | D        | Noticed a deep elf sorcerer
  3044 | D        | Killed a deep elf sorcerer
  3045 | D        | Killed an orc high priest
  3045 | D        | Killed a deep elf sorcerer
  3045 | D        | Killed a deep elf annihilator
  3046 | D        | Noticed a deep elf summoner
  3047 | D        | Noticed a deep elf annihilator
  3047 | D        | Noticed a deep elf mage
  3047 | D        | Noticed a deep elf master archer
  3047 | D        | Killed a deep elf annihilator
  3048 | D        | Noticed a deep elf mage
  3050 | D        | Killed a deep elf summoner
  3050 | D        | Killed a deep elf mage
  3050 | D        | Killed a deep elf mage
  3050 | D        | Killed a deep elf annihilator
  3050 | D        | Reached skill level 15 in Evocations
  3050 | D        | Killed a deep elf mage
  3050 | D        | Killed a deep elf master archer
  3050 | D        | Killed a deep elf master archer
  3057 | D        | Killed a deep elf summoner
  3098 | D        | Learned a level 2 spell: Repel Missiles
  3193 | D        | Entered arena 16.
  3199 | D        | Noticed an oklob plant
  3199 | D        | Noticed a dryad
  3200 | D        | Noticed a spriggan rider
  3200 | D        | Killed a spriggan rider
  3200 | D        | Killed a wasp
  3201 | D        | Noticed a satyr
  3201 | D        | Noticed a spriggan berserker
  3202 | D        | Noticed a spriggan air mage
  3202 | D        | Noticed a shambling mangrove
  3202 | D        | Noticed a dryad
  3203 | D        | Noticed a spriggan air mage
  3204 | D        | Noticed a wolf spider
  3206 | D        | Noticed a spriggan druid
  3206 | D        | Noticed a spriggan druid
  3206 | D        | Noticed a satyr
  3206 | D        | Killed a spriggan berserker
  3206 | D        | Reached skill level 15 in Fighting
  3206 | D        | Killed a satyr
  3206 | D        | Killed a spriggan air mage
  3206 | D        | Killed an oklob plant
  3206 | D        | Killed a spriggan druid
  3206 | D        | Killed a dryad
  3206 | D        | Killed a wolf spider
  3206 | D        | Killed a satyr
  3206 | D        | Killed a spriggan druid
  3206 | D        | Killed a shambling mangrove
  3206 | D        | Reached XP level 14. HP: 98/112 MP: 36/36
  3206 | D        | Killed a dryad
  3206 | D        | Killed a spriggan berserker
  3206 | D        | Killed a spriggan air mage
  3231 | D        | Got the ring "Gruedi" {MP+9 Int+4 Stlth+}
  3239 | D        | Got the ring of Nemyel {+Fly MR+ Dex+4}
  3254 | D        | Identified Duyticso's Papyrus of Unholy Secrets (You found it in the Dungeon)
  3267 | D        | Entered arena 17.
  3275 | D        | Noticed an insubstantial wisp
  3275 | D        | Noticed a titan
  3275 | D        | Noticed a storm dragon
  3276 | D        | Noticed a titan
  3276 | D        | Noticed an air elemental
  3276 | D        | Noticed an air elemental
  3276 | D        | Noticed a storm dragon
  3277 | D        | Noticed an insubstantial wisp
  3277 | D        | Noticed a storm dragon
  3279 | D        | Noticed an insubstantial wisp
  3279 | D        | Noticed an air elemental
  3279 | D        | Killed an air elemental
  3279 | D        | Reached skill level 15 in Armour
  3280 | D        | Noticed an insubstantial wisp
  3280 | D        | Killed an air elemental
  3281 | D        | Noticed a wind drake
  3281 | D        | Killed an air elemental
  3282 | D        | Noticed a spriggan air mage
  3282 | D        | Noticed a storm dragon
  3283 | D        | Noticed a wind drake
  3283 | D        | Killed a spriggan air mage
  3285 | D        | Killed a wind drake
  3286 | D        | Killed a wind drake
  3286 | D        | Killed a storm dragon
  3286 | D        | Killed a storm dragon
  3286 | D        | Killed an insubstantial wisp
  3286 | D        | Killed an insubstantial wisp
  3286 | D        | Killed a titan
  3286 | D        | Killed an insubstantial wisp
  3290 | D        | Killed a titan
  3290 | D        | Killed a storm dragon
  3293 | D        | Killed a storm dragon
  3295 | D        | Killed an insubstantial wisp
  3609 | D        | Entered arena 18.
  3616 | D        | Noticed a sixfirhy
  3616 | D        | Noticed a neqoxec
  3616 | D        | Noticed an ice devil
  3617 | D        | Noticed a chaos spawn
  3617 | D        | Noticed a red devil
  3617 | D        | Noticed a neqoxec
  3617 | D        | Noticed a hellion
  3617 | D        | Noticed a smoke demon
  3617 | D        | Noticed a neqoxec
  3618 | D        | Noticed Nyss the pandemonium lord
  3618 | D        | Noticed a demonic crawler
  3620 | D        | Noticed a hellion
  3620 | D        | Killed a sixfirhy
  3620 | D        | Killed a neqoxec
  3621 | D        | Noticed a green death
  3621 | D        | Noticed a smoke demon
  3621 | D        | Killed a smoke demon
  3621 | D        | Killed a red devil
  3621 | D        | Killed a red devil
  3621 | D        | Killed a chaos spawn
  3621 | D        | Killed a smoke demon
  3621 | D        | Killed a green death
  3621 | D        | Killed a sixfirhy
  3621 | D        | Killed a hellion
  3621 | D        | Killed a neqoxec
  3621 | D        | Killed an ice devil
  3621 | D        | Killed a demonic crawler
  3621 | D        | Killed Nyss the pandemonium lord
  3621 | D        | Killed a neqoxec
  3621 | D        | Killed a tormentor
  3621 | D        | Killed a hellion
  3622 | D        | Noticed a smoke demon
  3622 | D        | Noticed a sun demon
  3622 | D        | Killed a smoke demon
  3626 | D        | Noticed a gelid warmonger
  3626 | D        | Identified the +7 glaive "Casmunkuaq" {pain, rF+ rN+ Int+4}
  3629 | D        | Killed a sun demon
  3650 | D        | Killed a gelid warmonger
  3940 | D        | Entered arena 19.
  3940 | D        | Noticed a wind drake
  3941 | D        | Noticed a wind drake
  3946 | D        | Killed a wind drake
  3949 | D        | Killed a wind drake
  3960 | D        | Noticed an eye of devastation
  3964 | D        | Killed an eye of devastation
  3966 | D        | Noticed an eye of draining
  3966 | D        | Noticed a shining eye
  3967 | D        | Noticed an eye of draining
  3967 | D        | Noticed a slime creature
  3968 | D        | Killed an eye of draining
  3968 | D        | Killed a shining eye
  3969 | D        | Killed an eye of draining
  3969 | D        | Reached skill level 5 in Charms
  3971 | D        | Noticed a slime creature
  3971 | D        | Noticed a shining eye
  3972 | D        | Killed a shining eye
  3973 | D        | Noticed a jelly
  3974 | D        | Killed a jelly
  3975 | D        | Noticed a slime creature
  3976 | D        | Noticed an eye of devastation
  3976 | D        | Killed a slime creature
  3978 | D        | Noticed a slime creature
  3978 | D        | Killed an eye of devastation
  3979 | D        | Killed a slime creature
  3981 | D        | Killed a slime creature
  3983 | D        | Noticed an acid blob
  3984 | D        | Noticed an acid blob
  3984 | D        | Noticed a slime creature
  3985 | D        | Noticed a death ooze
  3985 | D        | Noticed a death ooze
  3986 | D        | Noticed a slime creature
  3986 | D        | Killed an acid blob
  3986 | D        | Reached XP level 15. HP: 78/123 MP: 32/36
  3986 | D        | Killed a slime creature
  3986 | D        | Reached skill level 10 in Charms
  3987 | D        | Noticed a slime creature
  3988 | D        | Noticed a jelly
  3988 | D        | Noticed an azure jelly
  3988 | D        | Killed a jelly
  3989 | D        | Killed an acid blob
  3990 | D        | Noticed a slime creature
  3990 | D        | Killed a slime creature
  3991 | D        | Killed a death ooze
  3991 | D        | Killed a death ooze
  3991 | D        | Killed a slime creature
  3994 | D        | Killed a slime creature
  3994 | D        | Killed a slime creature
  3995 | D        | Killed an azure jelly
  4011 | D        | Noticed a shining eye
  4012 | D        | Killed a shining eye
  4250 | D        | Identified a cursed +9 rod of clouds (9/9) (You found it in the Dungeon)
  4255 | D        | Entered arena 20.
  4265 | D        | Noticed a deep elf sorcerer
  4267 | D        | Noticed a deep elf summoner
  4267 | D        | Noticed a deep elf blademaster
  4267 | D        | Noticed a deep elf master archer
  4268 | D        | Noticed a deep elf master archer
  4268 | D        | Noticed a deep elf blademaster
  4269 | D        | Noticed a deep elf knight
  4269 | D        | Noticed a deep elf conjurer
  4270 | D        | Noticed a deep elf master archer
  4270 | D        | Identified a +1 rod of ignition (13/13) (You found it in the Dungeon)
  4271 | D        | Noticed a deep elf annihilator
  4271 | D        | Killed a deep elf conjurer
  4271 | D        | Killed a deep elf blademaster
  4271 | D        | Killed a deep elf master archer
  4271 | D        | Killed a deep elf master archer
  4272 | D        | Noticed a deep elf fighter
  4272 | D        | Noticed a deep elf sorcerer
  4272 | D        | Noticed a deep elf high priest
  4272 | D        | Noticed a deep elf master archer
  4272 | D        | Killed a deep elf sorcerer
  4272 | D        | Killed a deep elf summoner
  4272 | D        | Killed a deep elf fighter
  4272 | D        | Noticed a deep elf blademaster
  4274 | D        | Noticed a deep elf master archer
  4276 | D        | Noticed a deep elf master archer
  4277 | D        | Killed a deep elf blademaster
  4278 | D        | Noticed a deep elf death mage
  4278 | D        | Noticed a deep elf mage
  4278 | D        | Killed a deep elf annihilator
  4279 | D        | Killed a deep elf mage
  4279 | D        | Killed a deep elf master archer
  4279 | D        | Killed a deep elf knight
  4279 | D        | Killed a deep elf sorcerer
  4279 | D        | Killed a deep elf master archer
  4279 | D        | Killed a deep elf fighter
  4279 | D        | Killed a deep elf blademaster
  4279 | D        | Killed a deep elf master archer
  4279 | D        | Reached skill level 21 in Fighting
  4279 | D        | Killed a deep elf priest
  4279 | D        | Killed a deep elf master archer
  4279 | D        | Killed a deep elf death mage
  4279 | D        | Killed a deep elf high priest
  4280 | D        | Noticed a deep elf summoner
  4287 | D        | Killed a deep elf summoner
  4293 | D        | Noticed a deep elf high priest
  4296 | D        | Identified a +7 rod of the swarm (14/14) (You found it in the Dungeon)
  4301 | D        | Killed a deep elf high priest
  4724 | D        | Entered arena 21.
  4734 | D        | Noticed a flying skull
  4735 | D        | Killed a flying skull
  4737 | D        | Noticed a soul eater
  4739 | D        | Noticed a shadow dragon
  4741 | D        | Noticed a shadow dragon
  4745 | D        | Noticed a ghoul
  4746 | D        | Noticed a soul eater
  4750 | D        | Noticed a soul eater
  4751 | D        | Noticed a ghoul
  4752 | D        | Noticed a flayed ghost
  4752 | D        | Noticed a ghoul
  4752 | D        | Killed a shadow dragon
  4753 | D        | Noticed a tormentor
  4754 | D        | Killed a flayed ghost
  4754 | D        | Killed a tormentor
  4754 | D        | Killed a soul eater
  4754 | D        | Killed a soul eater
  4754 | D        | Killed a ghoul
  4758 | D        | Killed a shadow dragon
  4758 | D        | Reached XP level 16. HP: 91/135 MP: 24/37
  4764 | D        | Killed a ghoul
  4771 | D        | Killed a soul eater
  4771 | D        | Killed a ghoul
  4771 | D        | Reached skill level 22 in Armour
  5039 | D        | Got the +6 great sword "Killer Klown's Death" {venom, Noisy rC++ Dex+7 SInv}
  5047 | D        | Identified the Volume of Necromancy (You found it in the Dungeon)
  5052 | D        | Learned a level 4 spell: Control Undead
  5067 | D        | Entered arena 22.
  5090 | D        | Noticed a soul eater
  5125 | D        | Killed a soul eater
  5129 | D        | Noticed a soul eater
  5137 | D        | Noticed a shadow dragon
  5142 | D        | Noticed a soul eater
  5142 | D        | Noticed a soul eater
  5143 | D        | Noticed a soul eater
  5144 | D        | Killed a soul eater
  5144 | D        | Killed a soul eater
  5145 | D        | Noticed a soul eater
  5146 | D        | Noticed a ghoul
  5147 | D        | Noticed a soul eater
  5147 | D        | Killed a shadow dragon
  5148 | D        | Noticed a shadow dragon
  5149 | D        | Noticed a skeletal warrior
  5152 | D        | Noticed a ghoul
  5152 | D        | Noticed a soul eater
  5152 | D        | Noticed a flying skull
  5152 | D        | Noticed a soul eater
  5155 | D        | Killed a flying skull
  5156 | D        | Noticed a soul eater
  5159 | D        | Killed a soul eater
  5161 | D        | Killed a soul eater
  5163 | D        | Killed a ghoul
  5163 | D        | Reached skill level 23 in Armour
  5164 | D        | Killed a skeletal warrior
  5164 | D        | Killed a soul eater
  5164 | D        | Killed a soul eater
  5167 | D        | Noticed a necrophage
  5168 | D        | Killed a ghoul
  5169 | D        | Killed a soul eater
  5176 | D        | Killed a shadow dragon
  5180 | D        | Killed a soul eater
  5182 | D        | Killed a soul eater
  5182 | D        | Reached skill level 24 in Armour
  5184 | D        | Noticed a shadow dragon
  5188 | D        | Killed a necrophage
  5199 | D        | Killed a shadow dragon
  5240 | D        | Identified the Papyrus of Calling (You found it in the Dungeon)
  5260 | D        | Identified the Catalogue of the Snowflakes (You found it in the Dungeon)
  5611 | D        | Entered arena 23.
  5621 | D        | Noticed a stone giant
  5623 | D        | Noticed an iron dragon
  5623 | D        | Noticed a crystal guardian
  5626 | D        | Noticed an earth elemental
  5626 | D        | Noticed an earth elemental
  5626 | D        | Noticed an earth elemental
  5627 | D        | Killed a stone giant
  5628 | D        | Noticed an iron golem
  5629 | D        | Noticed an earth elemental
  5630 | D        | Noticed an earth elemental
  5633 | D        | Killed an earth elemental
  5633 | D        | Killed an earth elemental
  5634 | D        | Noticed a stone giant
  5636 | D        | Noticed a crystal guardian
  5636 | D        | Killed a crystal guardian
  5639 | D        | Killed an iron golem
  5641 | D        | Noticed an earth elemental
  5646 | D        | Killed a stone giant
  5648 | D        | Killed an earth elemental
  5648 | D        | Killed an earth elemental
  5648 | D        | Killed an earth elemental
  5648 | D        | Killed an earth elemental
  5650 | D        | Noticed a gargoyle
  5655 | D        | Noticed a quicksilver dragon
  5655 | D        | Killed a gargoyle
  5658 | D        | Noticed an earth elemental
  5660 | D        | Killed a crystal guardian
  5660 | D        | Killed a quicksilver dragon
  5660 | D        | Reached skill level 25 in Armour
  5660 | D        | Killed an earth elemental
  5664 | D        | Noticed a quicksilver dragon
  5664 | D        | Noticed a stone giant
  5665 | D        | Noticed an earth elemental
  5666 | D        | Noticed an earth elemental
  5666 | D        | Noticed an iron golem
  5666 | D        | Killed an iron dragon
  5668 | D        | Killed an earth elemental
  5668 | D        | Killed a stone giant
  5668 | D        | Killed a quicksilver dragon
  5669 | D        | Noticed a stone giant
  5669 | D        | Killed an earth elemental
  5670 | D        | Noticed a quicksilver dragon
  5670 | D        | Noticed a crystal guardian
  5671 | D        | Noticed a quicksilver dragon
  5675 | D        | Killed a stone giant
  5675 | D        | Reached skill level 26 in Armour
  5675 | D        | Killed an iron golem
  5675 | D        | Killed an earth elemental
  5675 | D        | Killed a crystal guardian
  5675 | D        | Killed a quicksilver dragon
  5676 | D        | Noticed a quicksilver dragon
  5677 | D        | Noticed an earth elemental
  5677 | D        | Noticed an iron golem
  5677 | D        | Noticed a stone giant
  5678 | D        | Killed an earth elemental
  5679 | D        | Noticed a quicksilver dragon
  5679 | D        | Killed a quicksilver dragon
  5684 | D        | Killed a quicksilver dragon
  5684 | D        | Reached skill level 27 in Armour
  5684 | D        | Killed from afar by a quicksilver dragon

Action                   |  1- 3 |  4- 6 |  7- 9 | 10-12 | 13-15 | 16-18 || total
-------------------------+-------+-------+-------+-------+-------+-------++-------
Melee: Triple sword      |     6 |     1 |     2 |    23 |    27 |    14 ||    73
       Double sword      |       |     4 |    40 |    12 |       |       ||    56
       Falchion          |       |       |       |    32 |    37 |    25 ||    94
       Great sword       |       |       |       |       |       |    14 ||    14
 Fire: Longbow           |     4 |     2 |    12 |    31 |    73 |    54 ||   176
 Cast: Repel Missiles    |       |       |       |       |     1 |       ||     1
Invok: Upheaval          |       |       |     1 |    10 |    11 |    12 ||    34
       Disaster Area     |       |       |       |     2 |     7 |     4 ||    13
Evoke: Wand              |       |       |       |     1 |     6 |       ||     7
       Lamp of fire      |       |       |       |     1 |     8 |     2 ||    11
       Phial of floods   |       |       |       |     1 |     5 |     4 ||    10
       Deck              |       |       |       |     1 |     2 |       ||     3
       Sack of spiders   |       |       |       |     1 |       |       ||     1
       Fan of gales      |       |       |       |       |     1 |     5 ||     6
       Rod               |       |       |       |       |     6 |     3 ||     9
  Use: Potion            |     1 |     3 |     1 |     4 |     5 |     6 ||    20
       Scroll            |     4 |       |       |     4 |     3 |     3 ||    14
  Eat: Chunk             |       |       |       |     5 |     2 |       ||     7
       Fruit             |       |       |       |     2 |     3 |       ||     5
       Bread ration      |       |       |       |       |     3 |       ||     3
       Royal jelly       |       |       |       |       |       |     2 ||     2
